Map: [ESL] Oceanborn

Players

Clem - Winner!

  • Race: Terran Terran
  • Spawn Location: 11:00

Reynor

  • Race: Zerg Zerg
  • Spawn Location: 5:00

Event: ESL SC2 Masters 2023 Winter (Regional)

VOD

Have the link to the VOD?

Description

Time

  • Played on: Nov. 19, 2023, 10:11 a.m.
  • Length: 16:55

All games in this series

Show
View Real Time Build Order
Export as new Build Order

Clem Terran - Winner!

Build Orders: Reaper Expand, Hellion Banshee 

Get SALT Encoding   

  12  0:00  SCV  
  13  0:12  SCV  
  14  0:17  Supply Depot  
  14  0:24  SCV  
  15  0:39  SCV  
  15  0:41  Barracks  
  15  0:42  Refinery  
  16  0:51  SCV  
  17  1:03  SCV  
  18  1:15  SCV  
  19  1:28  Orbital Command, Reaper  
  20  1:38  Command Center  
  20  1:45  Supply Depot  
  20  1:53  SCV  
  21  2:00  Marine  
  22  2:06  SCV  
  23  2:10  Factory  
  23  2:18  SCV  
  23  2:19  Barracks Reactor  
  24  2:30  SCV  
  25  2:40  Command Center  
  25  2:43  SCV  
  26  2:51  Orbital Command  
  26  2:55  SCV  
  27  2:59  Starport  
  27  3:05  Hellion  
  29  3:09  SCV  
  29  3:11  Hellion  
  32  3:14  Refinery  
  32  3:17  SCV  
  33  3:21  SCV  
  33  3:23  Barracks Tech Lab  
  34  3:29  SCV  
  34  3:32  Hellion  
  34  3:33  SCV  
  40  3:34  Hellion  
  40  3:41  SCV  
  40  3:45  SCV  
  40  3:48  Banshee  
  42  3:53  SCV  
  42  3:55  Orbital Command  
  46  3:56  Marine  
  46  3:57  SCV  
  46  3:59  Cloaking Field  
  48  4:05  Hellion, SCV, Supply Depot  
  48  4:08  Hellion  
  52  4:10  SCV  
  52  4:15  Barracks Tech Lab  
  53  4:17  SCV  
  53  4:21  SCV  
  53  4:22  SCV  
  56  4:29  Supply Depot  
  56  4:30  Hellion, SCV  
  56  4:31  Banshee  
  59  4:32  Hellion  
  59  4:33  SCV  
  59  4:35  SCV  
  59  4:36  Marine  
  67  4:40  Stimpack  
  67  4:43  SCV  
  68  4:46  Barracks, SCV  
  68  4:48  Barracks  
  68  4:51  SCV  
  70  4:53  Supply Depot  
  70  4:54  Marine, Refinery  
  70  4:57  SCV  
  70  4:58  SCV  
  70  4:59  Refinery  
  73  5:03  Factory Reactor, SCV  
  73  5:06  Supply Depot  
  74  5:10  SCV, Engineering Bay x2  
  74  5:11  SCV  
  74  5:12  Marine  
  77  5:16  Supply Depot  
  77  5:25  Barracks, SCV x2  
  77  5:26  Barracks  
  80  5:30  Orbital Command  
  80  5:33  Starport Reactor  
  79  5:36  Terran Infantry Weapons Level 1, Terran Infantry Armor Level 1  
  79  5:37  SCV  
  79  5:38  Supply Depot  
  80  5:43  SCV  
  80  5:46  Factory Reactor, Marine x2  
  80  5:47  Marine  
  80  5:48  Marine  
  80  5:49  SCV  
  84  5:53  Marine  
  84  5:55  SCV x2  
  84  6:01  SCV  
  84  6:02  Supply Depot  
  84  6:04  Marine x2  
  85  6:07  SCV x2  
  85  6:08  Marine  
  85  6:11  Medivac x2  
  94  6:13  Supply Depot, SCV  
  94  6:14  Barracks Reactor x2  
  94  6:16  Marine  
  94  6:17  Marine  
  97  6:19  SCV x2  
  100  6:25  SCV  
  100  6:30  Marine, Refinery  
  100  6:31  Factory, SCV, Marine  
  100  6:32  SCV  
  104  6:33  Widow Mine x2  
  104  6:34  Supply Depot  
  104  6:36  Marine  
  104  6:37  SCV, Supply Depot  
  104  6:38  Combat Shield, Marine  
  111  6:40  Marine  
  112  6:47  Command Center  
  112  6:51  Supply Depot, Marine x2  
  112  6:52  Marine  
  112  6:54  Marine  
  116  6:55  Medivac x2  
  116  6:56  Widow Mine  
  116  6:57  Widow Mine, Marine  
  116  7:00  Supply Depot  
  125  7:01  Marine  
  125  7:02  Marine x2  
  125  7:03  Marine  
  129  7:08  Marine  
  129  7:09  Armory, Marine  
  129  7:10  Marine  
  129  7:13  Supply Depot  
  129  7:14  Marine  
  133  7:19  Widow Mine  
  133  7:20  Factory Tech Lab, Marine x2  
  133  7:21  Marine, Widow Mine  
  133  7:22  Marine  
  140  7:23  Marine  
  140  7:26  Marine x2  
  144  7:30  Marine, Medivac  
  144  7:32  Marine  
  144  7:33  Supply Depot  
  144  7:36  Medivac  
  150  7:38  Marine x2  
  150  7:39  Widow Mine, Marine  
  150  7:40  Marine, Widow Mine  
  150  7:41  Marine  
  158  7:46  Marine  
  158  7:49  Marine  
  158  7:50  Marine x2, Widow Mine  
  157  8:00  Medivac  
  157  8:01  Widow Mine  
  157  8:02  Marine  
  157  8:03  Marine  
  157  8:04  Widow Mine  
  153  8:06  Marine x2, Medivac  
  153  8:07  Marine  
  156  8:13  Widow Mine  
  156  8:14  Marine x4  
  154  8:20  Marine, Drilling Claws  
  154  8:21  Marine  
  154  8:22  Barracks  
  154  8:23  Barracks x2  
  154  8:24  SCV  
  154  8:25  Marine  
  158  8:27  Marine  
  158  8:28  Marine  
  158  8:29  SCV  
  158  8:30  Medivac  
  158  8:31  Widow Mine  
  158  8:34  Sensor Tower, Marine  
  166  8:36  Medivac  
  166  8:37  Marine  
  166  8:38  Marine  
  166  8:39  Terran Infantry Weapons Level 2  
  166  8:41  Marine  
  171  8:43  SCV  
  171  8:45  Widow Mine  
  171  8:46  SCV, Marine  
  171  8:48  Widow Mine, Marine  
  179  8:49  Marine, SCV  
  179  8:54  Widow Mine  
  181  8:58  Marine  
  181  9:00  Medivac  
  181  9:01  Marine x2  
  176  9:06  Widow Mine, Marine, Medivac  
  176  9:07  Marine  
  176  9:08  Marine  
  178  9:10  Widow Mine  
  178  9:12  Marine  
  178  9:16  Widow Mine  
  181  9:17  Barracks Tech Lab x3  
  181  9:18  Marine, SCV  
  181  9:22  Marine  
  181  9:23  Marine  
  183  9:25  Marine  
  183  9:28  Widow Mine  
  176  9:31  Widow Mine  
  176  9:32  SCV, Marine x2  
  176  9:34  Marine  
  176  9:37  Widow Mine  
  179  9:41  Marine x6, Medivac  
  179  9:43  Marauder x2  
  173  9:48  Planetary Fortress  
  173  9:49  SCV, Widow Mine, Refinery  
  173  9:51  Refinery  
  174  9:53  Marine, Widow Mine  
  174  9:55  SCV  
  170  10:00  Supply Depot, SCV, Marauder x2  
  170  10:01  Supply Depot  
  170  10:04  Marauder x2, Marine  
  170  10:05  SCV  
  171  10:09  Marine  
  171  10:10  Marine, Widow Mine  
  171  10:14  Terran Infantry Armor Level 2  
  178  10:21  Marauder x2  
  178  10:23  Command Center  
  178  10:25  Marauder, Marine, Widow Mine  
  178  10:28  Marauder  
  178  10:29  Widow Mine  
  178  10:30  Marine, Medivac  
  178  10:33  Marine, Widow Mine  
  178  10:34  Marine x4  
  178  10:35  Marine  
  186  10:42  Marine x2  
  189  10:43  Marine  
  189  10:46  Widow Mine  
  189  10:47  Liberator  
  195  10:50  Marine x3  
  195  10:51  Widow Mine  
  200  10:59  Liberator, Widow Mine  
  200  11:00  Marine  
  200  11:01  Marine x2  
  189  11:05  Marine x2, Marauder  
  189  11:06  Marauder  
  189  11:07  Widow Mine  
  189  11:09  Marauder x2, Marine x3  
  196  11:16  Widow Mine  
  190  11:19  Terran Infantry Weapons Level 3  
  190  11:21  Widow Mine  
  190  11:22  Marine x2  
  190  11:26  Marauder  
  190  11:29  Refinery  
  190  11:30  Liberator, Marine x3, SCV x2  
  200  11:33  Sensor Tower  
  200  11:45  Widow Mine  
  194  11:47  Medivac  
  194  11:48  Widow Mine, Marine x2  
  194  11:49  Widow Mine  
  194  11:51  Marauder  
  198  11:57  Marine  
  198  11:58  Marine  
  198  12:00  Marine x2  
  180  12:01  Marine  
  180  12:02  Marine x2  
  180  12:05  Marauder  
  180  12:06  Widow Mine, Marine, Marauder  
  180  12:07  Marine  
  184  12:09  Planetary Fortress  
  184  12:10  Widow Mine  
  184  12:11  Widow Mine, Starport  
  184  12:12  Medivac, Marine  
  184  12:15  Marine  
  190  12:16  Marine  
  190  12:17  Medivac  
  190  12:18  Marine  
  190  12:22  Marine  
  178  12:27  Marine  
  178  12:28  Marine, Widow Mine  
  175  12:31  Marine x2, Widow Mine  
  175  12:32  Marine, Widow Mine  
  175  12:34  Marine  
  168  12:42  Medivac  
  168  12:43  Refinery  
  170  12:44  Sensor Tower, Missile Turret, Refinery  
  170  12:45  Marauder  
  170  12:47  Medivac  
  170  12:48  Marauder  
  170  12:49  Widow Mine  
  171  12:51  Marauder  
  171  12:52  Widow Mine  
  171  12:53  Widow Mine  
  173  12:58  Marauder  
  173  13:02  Marine x2  
  173  13:04  Starport Reactor  
  172  13:06  Marine, Marauder  
  172  13:07  Marine x2  
  172  13:09  Terran Infantry Armor Level 3  
  172  13:11  Widow Mine  
  179  13:12  Medivac  
  179  13:14  Widow Mine  
  179  13:15  Widow Mine  
  179  13:16  Marauder  
  179  13:17  Medivac  
  179  13:18  Marine  
  183  13:23  Marauder x2  
  185  13:27  Marauder  
  185  13:32  Widow Mine  
  187  13:35  Widow Mine  
  187  13:37  Command Center, Marauder, Widow Mine  
  193  13:42  Medivac  
  193  13:47  Medivac  
  190  13:49  Liberator x2  
  190  13:53  Command Center  
  196  14:02  Widow Mine, Marine  
  195  14:04  Marine x3  
  195  14:07  Marine  
  195  14:09  Marauder, Widow Mine  
  191  14:11  Marine, Widow Mine  
  191  14:12  Liberator, Marine  
  174  14:17  Medivac  
  174  14:22  Marine x3  
  174  14:23  Widow Mine  
  183  14:30  Widow Mine  
  181  14:31  Marine x2  
  181  14:32  Liberator x2, Widow Mine  
  181  14:34  Ghost Academy  
  189  14:42  Marauder  
  189  14:46  Neosteel Armor  
  189  14:47  Liberator, Widow Mine  
  189  14:51  Widow Mine  
  196  14:55  Liberator  
  195  15:02  Widow Mine  
  195  15:08  Fusion Core  
  195  15:11  Ghost x2  
  197  15:15  Liberator, Medivac  
  197  15:21  Cyclone, Sensor Tower, Refinery  
  198  15:22  Command Center  
  198  15:24  Refinery  
  197  15:37  Liberator  
  197  15:40  Liberator  
  197  15:41  Marauder x2, Marine  
  197  15:42  Marine x2  
  196  15:43  Cyclone, Marine x2  
  196  15:44  Widow Mine  
  196  15:46  Hi-Sec Auto Tracking, Marine x2  
  196  15:47  Liberator  
  200  15:53  Marine  
  200  15:55  Planetary Fortress  
  196  15:57  Marine x2  
  196  15:58  Marine  
  196  16:00  Marine  
  196  16:01  Marine  
  199  16:05  Marine x2  
  199  16:06  Medivac  
  198  16:14  Widow Mine  
  198  16:15  SCV  
  195  16:35  Marine  
Show
View Real Time Build Order
Export as new Build Order

Reynor Zerg 

Build Orders: Hatch First 

Get SALT Encoding   

  12  0:00  Drone  
  13  0:11  Overlord  
  13  0:16  Drone  
  14  0:30  Drone x2  
  16  0:47  Hatchery  
  15  0:50  Drone  
  15  0:53  Drone  
  15  0:56  Drone  
  18  1:07  Extractor  
  17  1:13  Spawning Pool  
  17  1:15  Drone  
  17  1:18  Drone  
  18  1:27  Drone  
  19  1:37  Drone  
  20  1:48  Overlord  
  20  1:59  Queen x2  
  20  2:00  Zergling x4  
  26  2:10  Drone x2  
  28  2:20  Drone  
  28  2:21  Drone  
  29  2:32  Drone x2, Hatchery  
  30  2:38  Metabolic Boost  
  30  2:42  Drone  
  30  2:43  Drone  
  32  2:55  Overlord  
  32  2:56  Drone  
  32  2:57  Queen  
  35  3:04  Drone  
  36  3:08  Overlord  
  36  3:13  Drone x2, Queen  
  36  3:15  Drone  
  36  3:18  Drone  
  42  3:21  Drone  
  42  3:25  Drone  
  44  3:32  Queen  
  44  3:33  Drone  
  47  3:36  Drone  
  47  3:39  Zergling x4  
  50  3:41  Overlord  
  50  3:42  Drone  
  50  3:43  Drone  
  50  3:44  Drone  
  50  3:45  Drone  
  54  3:49  Queen  
  54  3:53  Drone x2  
  58  3:55  Overlord  
  58  3:59  Overlord  
  58  4:01  Drone  
  59  4:08  Drone x2  
  59  4:09  Queen  
  61  4:13  Zergling x4  
  61  4:14  Zergling x2  
  61  4:15  Zergling x2  
  67  4:17  Overlord  
  67  4:20  Drone x2  
  67  4:24  Queen  
  69  4:26  Drone  
  69  4:27  Drone  
  69  4:29  Drone x2  
  75  4:32  Overlord  
  75  4:35  Queen  
  75  4:37  Drone  
  77  4:41  Overlord  
  77  4:44  Spore Crawler x2  
  75  4:45  Spore Crawler  
  75  4:47  Drone x2  
  75  4:50  Drone x2  
  78  4:55  Drone x2  
  78  4:56  Drone  
  78  4:58  Drone  
  78  4:59  Drone  
  83  5:02  Drone x2  
  83  5:03  Spore Crawler  
  83  5:07  Evolution Chamber x2  
  83  5:10  Queen  
  84  5:16  Zergling x6  
  84  5:19  Overlord  
  84  5:20  Drone x3  
  90  5:25  Drone x2  
  90  5:26  Drone  
  92  5:29  Drone x2  
  92  5:32  Overlord  
  92  5:34  Drone x2  
  96  5:36  Drone x2, Hatchery  
  96  5:39  Zerg Ground Armor Level 1  
  96  5:40  Zerg Melee Weapons Level 1  
  96  5:42  Overlord  
  97  5:45  Drone x2  
  97  5:46  Drone x2  
  97  5:48  Drone  
  102  5:54  Overlord  
  102  5:56  Drone  
  103  5:58  Lair  
  103  6:00  Drone  
  103  6:01  Drone  
  103  6:02  Extractor  
  103  6:03  Extractor  
  103  6:08  Drone x3  
  103  6:10  Drone x2, Extractor  
  106  6:11  Drone, Extractor  
  106  6:12  Drone x2  
  106  6:13  Drone  
  109  6:18  Drone  
  109  6:19  Hatchery  
  109  6:20  Drone  
  109  6:23  Drone  
  109  6:25  Queen  
  113  6:28  Overlord  
  113  6:29  Drone x3  
  116  6:32  Baneling Nest  
  116  6:33  Zergling x2  
  116  6:34  Zergling x2  
  116  6:39  Zergling x6  
  120  6:42  Overlord  
  120  6:44  Zergling x8  
  124  6:50  Zergling x4  
  124  6:52  Drone  
  127  6:57  Overlord  
  127  6:58  Zergling x2, Infestation Pit  
  127  7:02  Zergling x2  
  127  7:03  Drone  
  127  7:06  Drone  
  127  7:07  Spore Crawler  
  127  7:08  Spore Crawler  
  128  7:10  Zergling x8  
  128  7:11  Zergling x6, Hatchery  
  128  7:15  Overlord  
  131  7:19  Centrifugal Hooks  
  131  7:23  Drone x6  
  131  7:25  Extractor, Overlord  
  131  7:26  Zergling x2  
  131  7:28  Baneling x7  
  137  7:30  Zergling x6  
  137  7:34  Hive  
  137  7:36  Zerg Melee Weapons Level 2, Zerg Ground Armor Level 2  
  140  7:38  Zergling x16  
  140  7:43  Zergling x2  
  147  7:47  Zergling x6  
  147  7:48  Pneumatized Carapace, Overseer  
  145  7:55  Zergling x12  
  145  7:56  Baneling  
  145  7:57  Baneling x4  
  145  7:58  Queen  
  145  7:59  Drone  
  145  8:00  Drone  
  145  8:04  Drone x4  
  145  8:12  Zergling x16  
  147  8:15  Drone x2  
  147  8:18  Baneling x11  
  145  8:28  Zergling x2  
  145  8:29  Zergling x10  
  145  8:31  Hatchery  
  140  8:37  Baneling x12  
  140  8:38  Drone x4  
  140  8:40  Extractor  
  143  8:42  Zergling x8  
  143  8:45  Baneling x5  
  146  8:49  Zergling x8  
  146  8:53  Zergling x2  
  144  8:57  Zergling x2  
  144  8:58  Zergling x4  
  143  9:06  Zergling x6  
  140  9:11  Viper  
  140  9:12  Viper  
  140  9:14  Queen  
  140  9:16  Zergling x12  
  154  9:24  Zergling x10  
  151  9:30  Overseer  
  147  9:34  Zergling x10  
  147  9:38  Zergling x8  
  152  9:40  Zergling x2  
  152  9:44  Zergling x10  
  152  9:45  Queen  
  150  9:46  Baneling x6  
  150  9:48  Viper x2  
  150  9:49  Queen  
  150  9:52  Zergling x4  
  158  9:53  Zergling x2  
  158  9:57  Zergling x6  
  159  10:05  Zergling x24  
  159  10:06  Zergling x2  
  159  10:07  Zergling x2  
  169  10:09  Zergling x2  
  169  10:10  Baneling x10  
  170  10:15  Overlord x4  
  156  10:32  Overseer, Baneling x10  
  150  10:36  Zergling x22, Overseer  
  150  10:37  Zergling x6  
  150  10:40  Zergling x2  
  150  10:41  Zergling x8  
  166  10:46  Ultralisk Cavern  
  164  10:53  Zergling x14  
  164  10:54  Zergling x8  
  173  10:59  Zergling x8  
  173  11:00  Zergling x6  
  162  11:04  Zergling x2  
  162  11:06  Zergling x8  
  162  11:09  Zerg Ground Armor Level 3, Zerg Melee Weapons Level 3  
  162  11:10  Zergling x14  
  169  11:14  Zergling x2  
  169  11:15  Overseer  
  162  11:20  Zergling x8  
  162  11:24  Queen  
  162  11:25  Drone x2  
  169  11:29  Baneling  
  169  11:30  Drone x4, Baneling x8  
  169  11:31  Drone  
  174  11:35  Burrow  
  174  11:36  Baneling x2  
  174  11:37  Baneling x5  
  174  11:38  Zergling x2  
  175  11:40  Queen  
  175  11:44  Zergling x14  
  178  11:50  Zergling x14  
  169  11:56  Baneling x8  
  169  12:00  Zergling x20  
  164  12:05  Chitinous Plating  
  158  12:11  Ultralisk  
  158  12:14  Zergling x6  
  158  12:15  Zergling x8, Baneling x2  
  158  12:26  Zergling x12, Ultralisk  
  165  12:36  Baneling  
  165  12:37  Baneling x3  
  159  12:41  Drone x2  
  159  12:42  Drone  
  161  12:50  Ultralisk  
  161  12:51  Zergling x6, Ultralisk  
  166  12:52  Hatchery  
  152  13:03  Baneling  
  152  13:04  Infestor x2  
  154  13:07  Baneling x4  
  154  13:08  Zergling x18  
  154  13:10  Overseer  
  145  13:20  Drone  
  145  13:21  Drone x5  
  145  13:23  Zergling x2  
  145  13:24  Zergling x14  
  145  13:26  Infestor  
  156  13:36  Drone x2, Spore Crawler  
  156  13:37  Infestor  
  156  13:39  Zergling x12, Ultralisk x2  
  167  13:52  Drone  
  168  14:01  Ultralisk x4  
  167  14:06  Overlord x3  
  167  14:07  Hatchery  
  167  14:09  Overlord  
  145  14:19  Ultralisk  
  145  14:20  Zergling x10  
  145  14:22  Overseer x2  
  145  14:23  Overlord  
  147  14:26  Baneling  
  147  14:35  Overseer, Hatchery  
  147  14:36  Hatchery  
  147  14:37  Zergling x34  
  161  14:46  Adrenal Glands  
  159  14:58  Overseer  
  153  15:01  Zergling x26  
  153  15:06  Infestor  
  165  15:09  Overseer  
  165  15:22  Hatchery  
  165  15:25  Zergling x2, Ultralisk  
  165  15:26  Zergling x8  
  151  15:44  Zergling x18  
  151  15:51  Drone x2  
  151  15:52  Drone  
  151  15:54  Drone  
  147  15:58  Drone  
  147  16:01  Drone  
  142  16:08  Zergling x6  
  142  16:09  Zergling x2, Drone x2  
  142  16:10  Drone  
  135  16:25  Zergling x2  
  141  16:35  Zergling x8  
Tags
 
Add a new tag
Caveats
  • Supply blocks, unpowered buildings, or Contaminate may cause inaccurate times.
  • Supply counts are checked every 10 seconds.